 Dungeon Crawl Stone Soup version 0.27-a0-1529-g1e82c303ef (webtiles) character file.

Game seed: 16586729892585985769

25 Spectrina the Chiller (level 3, -1/36 HPs)
             Began as a Human Ice Elementalist on July 11, 2021.
             Was a Follower of Trog.
             Slain by a jackal (3 damage)
             ... on level 3 of the Dungeon.
             The game lasted 00:03:18 (371 turns).

Spectrina the Chiller (Human Ice Elementalist)       Turns: 371, Time: 00:03:19

Health: -1/36      AC:  2    Str:  9    XL:     3   Next: 20%
Magic:  6/6        EV: 12    Int: 15    God:    Trog [*.....]
Gold:   32         SH:  0    Dex: 13    Spells: 5/6 levels left

rFire    . . .     SeeInvis .   (no weapon)
rCold    . . .     Faith    .   (no shield)
rNeg     . . .     Spirit   .   a - +0 robe
rPois    .         Reflect  .   (no helmet)
rElec    .         Harm     .   (no cloak)
rCorr    .         Rampage  .   (no gloves)
Will     .....                  (no boots)
Stlth    ..........             (no amulet)
HPRegen  0.12/turn              (no ring)
MPRegen  0.10/turn              (no ring)

@: berserking, very quick
A: no striking features
a: Renounce Religion, Berserk


You were on level 3 of the Dungeon.
You worshipped Trog.
Trog was aware of your devotion.
You visited 1 branch of the dungeon, and saw 4 of its levels.

You collected 32 gold pieces.

Inventory:

Missiles
 b - 21 stones
 c - 22 arrows
Armour
 a - a +0 robe (worn)
Scrolls
 d - a scroll of identify {unknown}


   Skills:
 - Level 2.0 Dodging
 + Level 2.8 Stealth
 - Level 2.0 Spellcasting
 - Level 4.5 Ice Magic


You had 5 spell levels left.
You knew the following spells:

 Your Spells              Type           Power      Damage    Failure   Level
a - Freeze                Ice            60%        1d8       3%          1

Your spell library contained the following spells:

 Spells                   Type           Power      Damage    Failure   Level
 Frozen Ramparts          Ice            30%        1d5       11%         3
 Ozocubu's Armour         Ice            15%        N/A       11%         3
 Hailstorm                Conj/Ice       8%         3d4       65%         4


Dungeon Overview and Level Annotations

Branches:
Dungeon (4/15)
 Temple: D:4-7

Altars:
Trog


Message History

An endoplasm comes into view.
There is an open door here.
There is a stone staircase leading down here.
You climb downwards.
A phantom comes into view.
Found a metallic pink potion.
Found an escape hatch in the floor.
There is a stone staircase leading up here.
Unknown command.
You climb upwards.
There is a stone staircase leading down here.
You recover from your berserk rage.
There is an open door here.
Okay, then.
A jackal comes into view.
Found a scroll labelled IVVUEN RISEAM.
A jackal comes into view.
Found a whip.
Unknown command.
A jackal comes into view.
The jackal bites you.
* * * LOW HITPOINT WARNING * * *
Unknown command.
The jackal bites you.
* * * LOW HITPOINT WARNING * * *
The jackal bites you.
* * * LOW HITPOINT WARNING * * *
You closely miss the jackal. The jackal barely misses you.
The jackal misses you.
You hit the jackal.
The jackal is moderately wounded.
The jackal bites you.
* * * LOW HITPOINT WARNING * * *
A red film seems to cover your vision as you go berserk!
You feel yourself moving faster!
You feel mighty! The jackal closely misses you.
Unknown command.
You barely miss the jackal.
The jackal is moderately wounded.
The jackal bites you.
You die...

#######)#######
##...##...##...##
#<.8....8.'..8.>#
##...##...##...##
#######.#######
##.# # #..#
#.##.####.###
#.....@hh...#
..###.######.# #
#......# ...h?###
#.#h...# ..
...... .#.
###.### ... )# #
## #


You could see 2 jackals.

Vanquished Creatures
  An adder (D:3)
  A bat (D:2)
  3 endoplasms
  A giant cockroach (D:2)
  A goblin (D:1)
  A hobgoblin (D:1)
  A jackal (D:3)
  2 kobolds
  2 ball pythons (D:1)
  2 rats
15 creatures vanquished.

Notes
Turn   | Place    | Note
-------+----------+-------------------------------------------
     0 | D:1      | Spectrina the Human Ice Elementalist began the quest for
                  | the Orb.
     0 | D:1      | Reached XP level 1. HP: 13/13 MP: 3/3
    93 | D:1      | Reached XP level 2. HP: 18/19 MP: 0/5
   165 | D:2      | Found a faded altar of an unknown god.
   176 | D:2      | Became a worshipper of Trog the Wrathful
   176 | D:2      | Reached * piety under Trog
   307 | D:3      | Reached XP level 3. HP: 11/24 MP: 6/6
   348 | D:4      | Noticed a phantom
   369 | D:3      | HP: 1/24 [jackal (2)]
   371 | D:3      | Slain by a jackal

Illustrated notes

Levels and vault maps discovered:
D:1:      psy_arrival_terrarium, layout_loops_cross
D:2:      layout_basic, ebering_ecumenical_altar_ruins, nrook_mini_backslash,
          uniq_natasha
D:3:      layout_basic, grunt_ministairs_5, uniq_sigmund
D:4:      layout_basic

Action                   || total
-------------------------++-------
Melee: Unarmed           ||    57
 Cast: Freeze            ||    12
Invok: Berserk           ||     2
 Stab: Sleeping          ||     1
Armor: Robe              ||    14
Dodge: Dodged            ||    38

Table legend: (Time is in decaauts)
 A = Elapsed time spent in this place.
 B = Non-inter-level travel time spent in this place.
 C = Inter-level travel time spent in this place.
 D = Time resting spent in this place.
 E = Time spent auto-exploring this place.
 F = Levels seen in this place.
 G = Mean time per level.
                   A        B        C        D        E       F      G
               +--------+--------+--------+--------+--------+-----+--------+
         Total |    379 |    379 |      0 |      0 |      0 |   4 |   94.8 |
       Dungeon |    379 |    379 |      0 |      0 |      0 |   4 |   94.8 |
               +--------+--------+--------+--------+--------+-----+--------+

Top non-repeatable levels by time:
     D:2: 171 daAuts
     D:1: 125 daAuts
     D:3: 80 daAuts
     D:4: 1 daAuts
